 Dungeon Crawl Stone Soup version 0.31.0-1-g2c135a0 (webtiles) character file.

Game seed: 5668743224494272366

287608 Lock the Warrior (level 19, -3/185 HPs)
             Began as a Minotaur Berserker on Feb 6, 2024.
             Was a High Priest of Trog.
             Incinerated by a balrug (27 damage)
             ... with a pyre arrow
             ... on level 3 of the Elven Halls.
             The game lasted 05:15:50 (50508 turns).

Lock the Warrior (Minotaur Berserker)              Turns: 50508, Time: 05:15:51

Health: -3/185     AC: 40    Str: 29    XL:     19   Next: 86%
Magic:  18/18      EV: 12    Int:  8    God:    Trog [*****.]
Gold:   2372       SH: 22    Dex:  9    Spells: 18/18 levels left

rFire   . . .        o - +8 broad axe (heavy)
rCold   . . .        S - +3 kite shield
rNeg    . . .        C - +4 plate armour "Wecol" {rElec}
rPois   .            P - +2 hat
rElec   +            p - +2 cloak
rCorr   .            j - +2 pair of gloves
SInv    +            m - +2 pair of boots
Will    +++..        D - amulet of reflection Stlth
                     l - +4 ring of slaying
HPRegen 1.50/turn    n - +4 ring of protection
MPRegen 0.16/turn

%: reflection
@: mighty, on fire, about to teleport, strong-willed, regenerating, glowing,
studying Dodging
A: horns 2, retaliatory headbutt, see invisible, clever 1, sense surroundings 1
}: 2/15 runes: serpentine, barnacled
a: Renounce Religion, Berserk, Trog's Hand, Brothers in Arms


You were on level 3 of the Elven Halls.
You worshipped Trog.
Trog was extremely pleased with you.
You visited 7 branches of the dungeon, and saw 34 of its levels.
You also visited: Ossuary, Gauntlet and Ice Cave.

You collected 4911 gold pieces.
You spent 2539 gold pieces at shops.

Inventory:

Hand Weapons
 a - a +1 antimagic executioner's axe
 b - a +4 broad axe of flaming
 o - a +8 heavy broad axe (weapon)
 z - a +2 vampiric broad axe
Missiles
 t - 19 javelins (quivered)
 O - 11 silver javelins
Armour
 j - a +2 pair of gloves (worn)
 m - a +2 pair of boots (worn)
 p - a +2 cloak (worn)
 C - the +4 plate armour "Wecol" (worn) {rElec}
   (You found it on level 4 of the Shoals)

   rElec:     It insulates you from electricity.
 P - a +2 hat (worn)
 S - a +3 kite shield (worn)
Jewellery
 e - a ring of willpower
 f - a ring of poison resistance
 g - a +6 ring of strength
 h - a ring of flight
 l - a +4 ring of slaying (left hand)
 n - a +4 ring of protection (right hand)
 w - a ring of resist corrosion
 D - an amulet of reflection (around neck)
Wands
 y - a wand of flame (38)
 M - a wand of roots (28)
 T - a wand of mindburst (16)
Scrolls
 d - a scroll of silence
 i - 15 scrolls of identify
 A - 6 scrolls of revelation
 N - 8 scrolls of teleportation
Potions
 c - 5 potions of might
 k - 2 potions of mutation
 q - 4 potions of curing
 s - 7 potions of invisibility
 u - 2 potions of lignification
 v - a potion of resistance
 B - a potion of attraction
 L - 6 potions of haste
 X - a potion of cancellation
Miscellaneous
 H - a box of beasts
 I - a tin of tremorstones (inert)
 J - a phantom mirror
 K - a phial of floods (inert)
 R - a lightning rod (1/4)


   Skills:
 + Level 20.3 Fighting
 + Level 20.3 Axes
 - Level 20.0 Armour
 - Level 12.7 Dodging
 - Level 20.0 Shields
 * Level 10.9 Evocations


You had 18 spell levels left.
You didn't know any spells.
Your spell library was empty.

Dungeon Overview and Level Annotations

Branches:
Dungeon (15/15)            Temple (1/1) D:7            Lair (5/5) D:9
 Shoals (4/4) Lair:2        Snake (4/4) Lair:2        Slime (0/5) Lair:5
    Orc (2/2) D:10            Elf (3/3) Orc:2        Vaults (0/5) D:13
 Depths (0/4) D:15        Ossuary (visited)           IceCv (visited)
Gauntlet (visited)

Altars:
Ashenzari
Cheibriados
Dithmenos
Elyvilon
Fedhas
Gozag
Hepliaklqana
Kikubaaqudgha
Makhleb
Nemelex Xobeh
Okawaru
Qazlal
Ru
Sif Muna
Trog
Uskayaw
Vehumet
Wu Jian
Xom
Yredelemnul
Zin
The Shining One

Shops:
D:8 =[?(   D:9 ?   D:11 (   Orc:2 :((   Elf:1 ::=   Elf:3 :   Shoals:3 ((=
Snake:2 !

Annotations:
D:14 1 runed translucent door
D:15 1 runed translucent door, exclusion: orange crystal statue
Snake:4 3 runed translucent doors, aor's ghost, adept MiBe


Innate Abilities, Weirdness & Mutations

You have a pair of horns on your head.
You reflexively headbutt those who attack you in melee.
You have supernaturally acute eyesight. (SInv)
Your mind is acute. (Int +4, Str/Dex -1)
You passively map a small area around you.


Message History

The balrug is moderately wounded.
The thunderbolt hits the deep elf master archer!
The deep elf master archer is almost dead.
The thunderbolt hits the deep elf death mage!
You kill the deep elf death mage!
Trog accepts your kill.
Trog appreciates your killing of a magic user.
You hear a splash. x2
The thunderbolt hits the deep elf master archer!
The deep elf master archer is almost dead.
The thunderbolt hits the ghostly deep elf annihilator!
The ghostly deep elf annihilator is lightly damaged.
You hear a shout!
The deep elf sorcerer seems less brilliant.
The balrug gestures at you. The pyre arrow hits you.
You are covered in intense liquid fire!
A deep elf elementalist comes into view.
It is wielding a +0 long sword.
Aiming: Thunderbolt
Press: ? - help, Q - select action, (/) - cycle Shift-Dir - straight line, f/p - ghostly deep elf annihilator
Aim: a ghostly deep elf annihilator, wielding a +0 long sword (lightly damaged)
The thunderbolt hits the balrug!!!
The balrug is severely wounded.
The thunderbolt hits the deep elf master archer!!!
You kill the deep elf master archer!
Trog accepts your kill.
The thunderbolt hits the deep elf sorcerer!
You kill the deep elf sorcerer!
Trog accepts your kill.
Trog appreciates your killing of a magic user.
You hear a splash.
The thunderbolt hits the deep elf master archer!!
You kill the deep elf master archer!
Trog accepts your kill.
You hear a splash.
You hear a splash.
The thunderbolt hits the ghostly deep elf annihilator!!
The ghostly deep elf annihilator is severely damaged.
The liquid fire burns you!
You die...

###.....###
##..### #.[##
#.## ###.#
#.○.# #.### #.#
#@# #2# #)#
#e)e# *#.e)3~#
*#..1e4..#* , *
#....1..43# , ,
, *
#.....e.....# ,
#......#......#
,


You could see 2 Tzitzimimeh, a balrug (summoned), a ghostly deep elf
annihilator, a deep elf sorcerer (fast), 2 deep elf elementalists, a ghostly
deep elf demonologist, a rust devil (summoned) and a smoke demon (summoned).

Vanquished Creatures
  Vashnia (Snake:4)
  Nikola (Shoals:1)
  Jorgrun (Orc:1)
  2 deep elf master archers (Elf:3)
  A sphinx (Shoals:4)
  3 deep elf blademasters
  Frances (Snake:2)
  Donald (Orc:1)
  Aizul (Snake:2)
  5 nagarajas
  4 deep elf sorcerers (Elf:3)
  3 deep elf elementalists
  3 deep elf death magi (Elf:3)
  Snorg (Orc:1)
  Azrael (Orc:1)
  4 minotaurs
  2 ettins
  A fire dragon (D:14)
  4 merfolk impalers
  A deep elf high priest (Elf:3)
  3 merfolk javelineers
  Fannar (D:12)
  2 ice dragons
  A salamander tyrant (Snake:2)
  2 alligators (D:11)
  6 ogre magi
  5 hydras
  A merfolk avatar (Shoals:3)
  5 anacondas
  8 boulder beetles
  18 death yaks
  7 satyrs (Shoals:4)
  A death knight (D:15)
  8 centaur warriors
  27 dancing weapons
  11 two-headed ogres
  3 alligator snapping turtles
  A tengu warrior (D:14)
  8 naga warriors
  2 demonic crawlers (Elf:1)
  10 shock serpents
  17 naga sharpshooters
  Sonja (Lair:3)
  Amaemon (Lair:2)
  A shadow wraith (D:13)
  3 salamander mystics (Snake:4)
  5 skysharks
  17 deep elf knights
  A skeletal warrior (D:15)
  Lodul (D:14)
  An arcanist (Gauntlet)
  11 sea snakes
  7 slime creatures
  3 mana vipers
  28 harpies
  A naga ritualist (Snake:4)
  5 deep elf archers
  2 phantasmal warriors (D:15)
  6 orc knights
  2 lindwurms (D:11)
  A necromancer (D:13)
  22 deep elf pyromancers
  4 oklob plants
  11 fauns
  21 deep elf zephyrmancers
  2 orc sorcerers (Orc:1)
  A wolf spider (D:15)
  20 manticores
  20 ugly things
  10 cyclopes
  16 salamanders
  A kobold blastminer (Orc:1)
  9 merfolk sirens
  6 meliai
  19 elephants
  An ice statue (IceCv)
  3 guardian serpents
  26 black mambas
  10 naga magi
  A torpor snail (Lair:3)
  8 cane toads
  5 water nymphs
  An orange demon (Lair:2)
  Joseph (D:10)
  2 unseen horrors (D:11)
  3 gargoyles
  3 efreet
  9 komodo dragons
  3 kobold demonologists
  3 minotaur zombies (Gauntlet)
  A freezing wraith (D:15)
  11 rime drakes
  2 tengu conjurers (D:13)
  35 merfolk
  9 trolls
  9 hornets
  9 wind drakes
  12 polar bears
  A wind drake (shapeshifter) (D:13)
  A tyrant leech (D:11)
  10 dream sheep
  A raiju (shapeshifter) (D:13)
  10 blink frogs
  10 snapping turtles
  14 spriggans (Lair:5)
  3 air elementals
  8 water elementals
  64 yaks
  A fire bat (D:11)
  3 shadows
  4 wyverns
  9 basilisks
  4 fire elementals
  3 wraiths
  4 steam dragons (Shoals:2)
  13 wargs
  23 vampire mosquitoes
  3 swamp worms (Gauntlet)
  47 nagas
  2 acid dragons
  An acid dragon (shapeshifter) (Elf:2)
  6 hell hounds
  10 water moccasins
  25 orc warriors
  4 black bears
  3 ice beasts
  18 ogres
  32 wolves
  3 boggarts (Lair:5)
  11 centaurs
  8 kobold brigands
  A weeping skull (Ossuary)
  15 bullfrogs
  6 earth elementals
  2 gnoll sergeants (D:12)
  2 scorpions
  A water moccasin zombie (D:5)
  A burial acolyte (Ossuary)
  25 killer bees
  4 electric eels (D:8)
  3 vampire bats (D:11)
  A howler monkey (D:12)
  A centaur zombie (D:5)
  2 lava snakes (Lair:2)
  3 bombardier beetles
  2 gnoll boudas (D:9)
  13 hounds
  2 bullfrog zombies (D:5)
  2 human zombies (Ossuary)
  3 jellies
  12 orc priests
  Crazy Yiuf (D:5)
  6 iguanas
  2 sleepcaps (D:5)
  26 orc wizards
  A hound zombie (D:5)
  5 mummies (Ossuary)
  A howler monkey zombie (D:5)
  20 gnolls
  4 adders
  4 shadow imps
  3 white imps
  4 ufetubi
  9 dart slugs
  8 ribbon worms
  87 orcs
  16 bats
  6 endoplasms
  4 hobgoblins
  7 jackals
  6 quokkas
  8 ball pythons
  9 frilled lizards
  2 gnoll zombies (Ossuary)
  6 goblins
  38 kobolds
  2 kobold zombies (Ossuary)
  2 orc zombies (Ossuary)
  7 rats
1368 creatures vanquished.

Vanquished Creatures (collateral kills)
  A frost giant (IceCv)
  A rakshasa (D:10)
  A death yak (IceCv)
  A dancing weapon (Elf:2)
  A naga sharpshooter (Snake:4)
  A deep elf knight (Elf:2)
  A harpy (Shoals:4)
  A deep elf pyromancer (Elf:2)
  A deep elf zephyrmancer (Elf:2)
  A naga mage (Snake:4)
  A rime drake (IceCv)
  3 merfolk (Shoals:4)
  A polar bear (IceCv)
  A wind drake (Shoals:4)
  A water elemental (Shoals:4)
  A yak (IceCv)
  A naga (Snake:4)
  An orc warrior (Orc:1)
  A wolf (IceCv)
  An orc wizard (Orc:1)
  2 orcs (Orc:1)
24 creatures vanquished.

Vanquished Creatures (others)
  An arcanist (D:13)
  2 harpies (Shoals:4)
  A deep elf pyromancer (Elf:2)
  2 fauns (Shoals:1)
  A water elemental (Elf:2)
  An orc priest (Orc:2)
8 creatures vanquished.

Grand Total: 1400 creatures vanquished

Notes
Turn   | Place    | Note
-------+----------+-------------------------------------------
     0 | D:1      | Lock the Minotaur Berserker began the quest for the Orb.
     0 | D:1      | Reached XP level 1. HP: 19/19 MP: 0/0
   138 | D:1      | Reached XP level 2. HP: 25/27 MP: 1/1
   775 | D:1      | Gained mutation: You are somewhat resistant to further
                  | mutation. [potion of mutation]
  1031 | D:2      | Reached XP level 3. HP: 33/33 MP: 2/2
  1154 | D:2      | Reached ** piety under Trog
  1602 | D:2      | Lost mutation: You are somewhat resistant to further
                  | mutation. [potion of mutation]
  1602 | D:2      | Gained mutation: You are strong-willed. (Will+) [potion of
                  | mutation]
  1602 | D:2      | Gained mutation: You passively map a small area around you.
                  | [potion of mutation]
  1750 | D:3      | Identified the +0 robe of Noughts and Crosses {Stlth+}
  1834 | D:3      | Reached XP level 4. HP: 35/40 MP: 3/3
  2504 | D:4      | Identified the +0 leather armour "Ypteri" {Str-2 Dex+2
                  | SInv}
  2516 | D:4      | Found an ornate altar of the Wu Jian Council.
  2560 | D:4      | Reached XP level 5. HP: 42/47 MP: 4/4
  2577 | D:4      | Found a shimmering blue altar of Sif Muna.
  2623 | D:4      | Found a white marble altar of Elyvilon.
  2865 | D:4      | Found a broken altar of Ashenzari.
  2866 | D:4      | Found a radiant altar of Vehumet.
  2891 | D:4      | Found a hazy altar of Hepliaklqana.
  2953 | D:4      | Reached *** piety under Trog
  2960 | D:4      | Reached skill level 5 in Axes
  3237 | D:4      | Reached skill level 5 in Fighting
  3307 | D:4      | Reached XP level 6. HP: 52/56 MP: 5/5
  3498 | D:5      | Entered Level 5 of the Dungeon
  3608 | D:5      | Reached skill level 5 in Armour
  3608 | D:5      | Reached XP level 7. HP: 58/61 MP: 6/6
  3642 | D:5      | Found a basalt altar of Yredelemnul.
  3754 | D:5      | Found a shimmering altar of Xom.
  3766 | D:5      | Noticed a +0 short sword
  3766 | D:5      | Noticed a +0 spear
  3766 | D:5      | Noticed a +0 falchion
  3767 | D:5      | Noticed a +0 falchion
  3767 | D:5      | Noticed a +0 dagger
  3767 | D:5      | Noticed a +0 short sword
  3768 | D:5      | Noticed a +0 dagger
  3773 | D:5      | Reached skill level 5 in Dodging
  3883 | D:5      | Noticed a +0 spear
  3899 | D:5      | Found a hide-covered altar of Uskayaw.
  4011 | D:5      | Reached XP level 8. HP: 66/71 MP: 7/7
  4019 | D:5      | Found a sand-covered staircase.
  4029 | Ossuary  | Entered an ossuary
  4399 | D:5      | Found a runed translucent door.
  4400 | D:5      | Noticed Crazy Yiuf
  4525 | D:5      | Killed Crazy Yiuf
  4622 | D:5      | Lost mutation: You passively map a small area around you.
                  | [potion of mutation]
  4622 | D:5      | Lost mutation: You are strong-willed. (Will+) [potion of
                  | mutation]
  4622 | D:5      | Gained mutation: You are strong-willed. (Will+) [potion of
                  | mutation]
  4622 | D:5      | Gained mutation: Your mind is acute. (Int +4, Str/Dex -1)
                  | [potion of mutation]
  4623 | D:5      | Lost mutation: Your mind is acute. (Int +4, Str/Dex -1)
                  | [potion of mutation]
  4623 | D:5      | Lost mutation: You are strong-willed. (Will+) [potion of
                  | mutation]
  4623 | D:5      | Gained mutation: You have supernaturally acute eyesight.
                  | (SInv) [potion of mutation]
  4623 | D:5      | Gained mutation: Your mind is acute. (Int +4, Str/Dex -1)
                  | [potion of mutation]
  4623 | D:5      | Gained mutation: You passively map a small area around you.
                  | [potion of mutation]
  4658 | D:6      | Reached **** piety under Trog
  5485 | D:7      | Found a glowing golden altar of the Shining One.
  5557 | D:7      | Reached XP level 9. HP: 81/81 MP: 8/8
  6107 | D:7      | Found a staircase to the Ecumenical Temple.
  6380 | Temple   | Entered the Ecumenical Temple
  6997 | D:8      | Found Peutz's Weapon Boutique.
  7269 | D:8      | Found Doevadwu's Magic Scroll Emporium.
  7276 | D:8      | Found Xauklo's Armour Emporium.
  7359 | D:8      | Bought a +0 plate armour for 299 gold pieces
  7712 | D:8      | Found Vaplayr's Jewellery Shop.
  7741 | D:8      | Found a sparkling altar of Nemelex Xobeh.
  7848 | D:8      | Found a snail-covered altar of Cheibriados.
  8053 | D:9      | Noticed a troll
  8059 | D:9      | Reached XP level 10. HP: 91/91 MP: 9/9
  8064 | D:9      | Found a staircase to the Lair.
  8165 | D:9      | Paralysed by a hornet for 2 turns
  8332 | D:9      | Reached skill level 10 in Axes
  8334 | D:9      | Reached skill level 10 in Fighting
  8458 | D:9      | Found a bloodstained altar of Trog.
  8615 | D:9      | Identified the +1 ring mail of Inference {rElec Str+3}
  8705 | D:9      | Found Erumug's Magic Scroll Emporium.
  8884 | D:9      | Found a stormy altar of Qazlal.
  8944 | D:9      | Bought a scroll of enchant weapon for 105 gold pieces
  8992 | D:10     | Entered Level 10 of the Dungeon
  9015 | D:10     | Noticed a rakshasa
  9017 | D:10     | Reached ***** piety under Trog
  9020 | D:10     | Reached skill level 10 in Armour
  9020 | D:10     | Noticed a cyclops
  9021 | D:10     | Noticed a cyclops
  9129 | D:10     | Killed a rakshasa
  9139 | D:10     | Noticed an ogre mage
  9152 | D:10     | Paralysed by an ogre mage for 5 turns
  9393 | D:10     | Noticed Joseph
  9400 | D:10     | Killed Joseph
  9400 | D:10     | Noticed a centaur warrior
  9409 | D:10     | Killed a centaur warrior
  9410 | D:10     | Reached XP level 11. HP: 94/101 MP: 10/10
  9421 | D:10     | Noticed a brown ugly thing
  9542 | D:10     | Reached skill level 10 in Dodging
  9543 | D:10     | Noticed a centaur warrior
  9545 | D:10     | Killed a brown ugly thing
  9757 | D:10     | Killed a centaur warrior
 10248 | D:10     | Found a staircase to the Orcish Mines.
 10535 | D:10     | Killed an ogre mage
 10541 | D:10     | Noticed a two-headed ogre
 10541 | D:10     | Identified the +0 plate armour of the Invisible Ships {rC+
                  | Str-3 Int+2}
 10551 | D:10     | Killed a two-headed ogre
 10560 | D:10     | Noticed a centaur warrior
 10570 | D:10     | Killed a centaur warrior
 10839 | D:10     | Found a white marble altar of Elyvilon.
 10841 | D:10     | Found a glowing golden altar of the Shining One.
 10846 | D:10     | Found a burning altar of Makhleb.
 10846 | D:10     | Found a radiant altar of Vehumet.
 11230 | D:11     | Found Wesei's Antique Weapon Boutique.
 11299 | D:11     | Noticed a two-headed ogre
 11303 | D:11     | Killed a two-headed ogre
 11408 | D:11     | Reached XP level 12. HP: 98/112 MP: 11/11
 11433 | D:11     | Noticed a two-headed ogre
 11447 | D:11     | Killed a two-headed ogre
 11562 | D:11     | Identified 2 scrolls of acquirement
 11563 | D:11     | Acquired 763 gold pieces
 11564 | D:11     | Acquired 611 gold pieces
 11652 | D:8      | Bought a +4 ring of slaying for 858 gold pieces
 11726 | D:9      | Bought 2 scrolls of enchant weapon for 210 gold pieces
 11726 | D:9      | Bought a scroll of enchant weapon for 105 gold pieces
 11790 | Lair:1   | Entered Level 1 of the Lair of Beasts
 11921 | Lair:1   | Found a gate leading to a gauntlet.
 11935 | Gauntlet | Entered a Gauntlet
 11935 | Gauntlet | Found a transporter.
 11935 | Gauntlet | Found a transporter.
 11935 | Gauntlet | Found a transporter.
 11941 | Gauntlet | Found a transporter.
 11942 | Gauntlet | Found a transporter.
 11954 | Gauntlet | Found a transporter.
 11964 | Gauntlet | Noticed a reaper
 11968 | Gauntlet | Found a transporter.
 11970 | Gauntlet | Found a transporter.
 12052 | Gauntlet | Found a transporter.
 12067 | Gauntlet | Found a transporter.
 12077 | Gauntlet | Found a transporter.
 12092 | Gauntlet | Found a transporter.
 12516 | Gauntlet | Identified the +5 scale mail "Goffar" {rF- Str+3 Int+8}
 12516 | Gauntlet | Noticed a minotaur
 12521 | Gauntlet | Killed a minotaur
 12522 | Gauntlet | Reached skill level 1 in Evocations
 14110 | Lair:2   | Reached XP level 13. HP: 67/122 MP: 12/12
 14301 | Lair:2   | Noticed Amaemon
 14307 | Lair:2   | Killed Amaemon
 14453 | Lair:2   | Found a staircase to the Shoals.
 14689 | Lair:2   | Identified the +3 longbow of Nyipt {elec, rF+ rN+ Will-}
 14765 | Lair:2   | Identified the +5 chain mail of Ethics {rN+ Int+6}
 14908 | Lair:2   | Reached skill level 15 in Axes
 15110 | Lair:2   | Found a staircase to the Snake Pit.
 15900 | Lair:3   | Identified the +1 scale mail of Impressiveness {^Drain Fly
                  | rCorr}
 16080 | Lair:3   | Noticed Sonja
 16087 | Lair:3   | Killed Sonja
 16088 | Lair:3   | Reached skill level 5 in Evocations
 17270 | Lair:4   | Reached XP level 14. HP: 133/133 MP: 13/13
 17966 | Lair:5   | Entered Level 5 of the Lair of Beasts
 18659 | Lair:5   | Reached skill level 15 in Fighting
 18805 | Lair:5   | Reached skill level 15 in Armour
 19115 | Lair:5   | Paralysed by a hornet for 2 turns
 19375 | Lair:5   | Found a staircase to the Slime Pits.
 20236 | Lair:5   | Reached skill level 1 in Shields
 20547 | Orc:1    | Entered Level 1 of the Orcish Mines
 20871 | Orc:1    | Noticed Jorgrun
 20888 | Orc:1    | Killed Jorgrun
 20896 | Orc:1    | Noticed Snorg
 20904 | Orc:1    | Killed Snorg
 20920 | Orc:1    | Reached XP level 15. HP: 123/141 MP: 14/14
 21221 | Orc:2    | Entered Level 2 of the Orcish Mines
 21222 | Orc:2    | Noticed Azrael
 21246 | Orc:1    | Killed Azrael
 21779 | Orc:2    | Noticed Donald
 21872 | Orc:1    | Killed Donald
 22274 | Orc:1    | Reached skill level 5 in Shields
 22439 | Orc:2    | Identified the +3 battleaxe of Defence by Offence
                  | {antimagic, rN+ Str-4 Dex+2 Stlth+} (Trog gifted it to you
                  | on level 2 of the Orcish Mines)
 22439 | Orc:2    | Received a gift from Trog
 22928 | Orc:2    | Found a staircase to the Elven Halls.
 23127 | Orc:2    | Found Ituxzic's Weapon Boutique.
 23287 | Orc:2    | Found Utobat's Book Shop.
 23320 | Orc:2    | Found Hunkolle's Weapon Shop.
 23527 | Elf:1    | Entered Level 1 of the Elven Halls
 23537 | Elf:1    | Paralysed by an air elemental for 1 turns
 23617 | Elf:1    | Paralysed by an air elemental for 1 turns
 24572 | Elf:1    | Received a gift from Trog
 25251 | Elf:1    | Paralysed by an air elemental for 1 turns
 26175 | Elf:1    | Found Kuufo Bysm's Jewellery Shoppe.
 26175 | Elf:1    | Found Kugrol's Book Boutique.
 26176 | Elf:1    | Found Harphankig's Book Boutique.
 26198 | Elf:1    | Bought a ring of flight for 280 gold pieces
 26739 | D:11     | Reached XP level 16. HP: 152/152 MP: 15/15
 27105 | D:12     | Received a gift from Trog
 27183 | D:12     | Found a frozen archway.
 27213 | IceCv    | Entered an ice cave
 28621 | D:12     | Noticed Fannar
 28630 | D:12     | Killed Fannar
 28943 | D:12     | Received a gift from Trog
 30249 | D:13     | Found a gate to the Vaults.
 30933 | D:14     | Noticed Lodul
 30955 | D:14     | Killed Lodul
 31159 | D:14     | Found a runed translucent door.
 31660 | D:14     | Reached skill level 10 in Shields
 31823 | D:15     | Entered Level 15 of the Dungeon
 32215 | D:15     | Found a staircase to the Depths.
 32947 | D:15     | Reached XP level 17. HP: 132/162 MP: 16/16
 33342 | D:15     | Found a runed translucent door.
 33743 | Shoals:1 | Entered Level 1 of the Shoals
 33757 | Shoals:1 | Received a gift from Trog
 34136 | Shoals:1 | Reached skill level 10 in Evocations
 34488 | Shoals:1 | Noticed Nikola
 35333 | Shoals:1 | Identified the +6 dagger of Xapnan {flame, rN++ SInv}
 37796 | Shoals:3 | Found Fupludim's Antique Weapon Boutique.
 37819 | Shoals:3 | Found Touke's Jewellery Shop.
 38006 | Shoals:3 | Bought a runed sling for 157 gold pieces
 38044 | Shoals:3 | Found Piq Hiukhlu's Antique Weapon Shop.
 38172 | Shoals:3 | Bought a ring of poison resistance for 240 gold pieces
 38543 | Shoals:3 | Identified the granite talisman of the Journeyman {rF-
                  | rN+++ Int-5 Stlth+}
 38816 | Shoals:4 | Entered Level 4 of the Shoals
 39490 | Shoals:4 | Reached XP level 18. HP: 147/173 MP: 17/17
 39554 | Shoals:4 | Identified the staff of Terror {rPois Stlth+ Summ Alchemy}
 39572 | Shoals:4 | Received a gift from Trog
 39582 | Shoals:4 | Reached skill level 15 in Shields
 39618 | Shoals:4 | Paralysed by a sphinx for 2 turns
 40343 | Shoals:4 | Got a barnacled rune of Zot
 40381 | Shoals:4 | Identified the +4 plate armour "Wecol" {rElec}
 40846 | Snake:1  | Entered Level 1 of the Snake Pit
 40999 | Shoals:1 | Killed Nikola
 42116 | Snake:2  | Found Ymemymar's Distillery.
 42143 | Snake:2  | Bought a potion of curing for 45 gold pieces
 42143 | Snake:2  | Bought 2 potions of curing for 90 gold pieces
 42143 | Snake:2  | Bought a potion of resistance for 150 gold pieces
 42152 | Snake:2  | Noticed Frances
 42166 | Snake:2  | Killed Frances
 43005 | Snake:2  | Identified the serpent talisman "Qorinon" {rElec rF- Int+5
                  | Stlth+}
 43005 | Snake:2  | Noticed Aizul
 43015 | Snake:2  | Killed Aizul
 43039 | Snake:2  | Identified the +3 flail "Urewent" {freeze, rElec rC+++
                  | Str-3 Int+2}
 44961 | Snake:4  | Entered Level 4 of the Snake Pit
 45130 | Snake:4  | Found a runed translucent gate.
 45130 | Snake:4  | Found a runed translucent gate.
 45130 | Snake:4  | Found a runed translucent gate.
 45131 | Snake:4  | Noticed aor's ghost (adept MiBe)
 45356 | Snake:4  | Acquired a manual of Dodging
 45994 | Snake:4  | Reached XP level 19. HP: 165/184 MP: 18/18
 46056 | Snake:4  | Noticed Vashnia
 46125 | Snake:4  | Killed Vashnia
 46125 | Snake:4  | Received a gift from Trog
 46969 | Snake:4  | Got a serpentine rune of Zot
 47870 | Elf:2    | Paralysed by an air elemental for 1 turns
 48048 | Elf:2    | Found a runed translucent gate.
 48048 | Elf:2    | Found a runed translucent gate.
 48049 | Elf:2    | Found a runed translucent gate.
 48523 | Elf:3    | Entered Level 3 of the Elven Halls
 48523 | Elf:3    | Found Karof's Book Shop.
 49540 | Elf:2    | Received a gift from Trog
 50503 | Elf:3    | Noticed a Tzitzimitl
 50506 | Elf:3    | Noticed a Tzitzimitl
 50508 | Elf:3    | Incinerated by a balrug

Illustrated notes

Levels and vault maps discovered:
D:1:      reono_arrival_mine, layout_basic, minivault_23
D:2:      layout_loops_ring
D:3:      layout_basic, chequers_mini_garden
D:4:      layout_loops_ring, nzn_hepliaklqana_mist_gate, lemuel_tele_altar,
          nzn_wu_jian_contemplation, nicolae_overflow_hidden_temple,
          minmay_increasing_density
D:5:      layout_rooms, nicolae_uskayaw_en_pointe,
          nicolae_yredelemnul_corpse_copse, xom_teletrap_fun,
          mainiacjoe_ossuary_entry_dusty_tomb, item_on_display_a,
          uniq_crazy_yiuf_cottage
D:6:      layout_loops_ring, kennysheep_generic_room_11
D:7:      layout_loops_cross, nicolae_tso_carved_into_rock,
          minmay_temple_entry_wispy
D:8:      layout_loops_ring, slow_altar_2, nemelex_spade_bored_becter,
          serial_shops, nicolae_shop_just_a_little_nook,
          nicolae_shop_rolling_square, shop, shop, disabler_island
D:9:      layout_long_grid, bloody_trog, nicolae_qazlal_general_emergency,
          erik_lair_island, serial_shops, shop, eino_curves_04
D:10:     minmay_the_grid_octo_tiled_squarecenter [minmay_the_grid_octo_empty,
          minmay_the_grid_octo_thin_diamonds, minmay_the_grid_octo_pinwheel,
          minmay_the_grid_octo_shrine,
          minmay_the_grid_square_5x5_megaprize_open,
          minmay_the_grid_square_5x5_lines, minmay_the_grid_square_5x5_longway,
          minmay_the_grid_square_5x5_n, minmay_the_grid_square_5x5_tri_point],
          layout_rooms, orc_0_dummy, kennysheep_generic_room_7, uniq_joseph
D:11:     layout_basic, serial_shops, nicolae_stop_n_shop_1, st_stairs_5,
          hangedman_parallel_progression
D:12:     layout_small_grid, portal_ice_cave_entry_animals_and_master,
          uniq_fannar
D:13:     layout_loops_cross, david_vaults_4, serial_rivers,
          chequers_serial_rivers_room_b, chequers_serial_rivers_micro_e,
          chequers_serial_rivers_small_b, chequers_serial_rivers_room_b,
          chequers_serial_rivers_micro_d, chequers_serial_rivers_micro_b
D:14:     layout_loops_ring, infiniplex_staircase_zigzag_4, minmay_hidden_floor,
          uniq_lodul
D:15:     grunt_enter_depths_hoard, layout_loops_ring,
          nicolae_concentric_dashed_squares_mild, minmay_misc_feat_chi,
          grunt_ministairs_13, minmay_crystal_box
Temple:   nicolae_temple_great_sept
Lair:1:   layout_roguey, gauntlet_entry_generic, enter_volcano_4,
          chequers_serial_rivers_marsh, nicolae_lair_grove_arrangements
Lair:2:   layout_cave_pods, nicolae_shoals_entry_roost,
          nicolae_snake_entry_warm_welcome, chequers_serial_rivers_small_a,
          infiniplex_staircase_pool, uniq_amaemon
Lair:3:   layout_chaotic_city, grunt_megastairs_4, uniq_sonja
Lair:4:   layout_cave_pods, grunt_megastairs_3, serial_bayou_shore_b,
          infiniplex_staircase_pool_2, lemuel_fruit_fields
Lair:5:   minmay_lair_end_enchanted_forest, layout_gridlike,
          minmay_slime_entry_oklob_open
Shoals:1: layout_shoals, uniq_nikola
Shoals:2: layout_shoals, nicolae_shoals_drake_roost
Shoals:3: layout_shoals, serial_shops, shop_statue, shop_fountains, shop,
          nicolae_shoals_dead_sea_scrolls
Shoals:4: shoals_end_hellmonk_lost_city, serial_shops
Snake:1:  layout_misc_corridors, drop_trap,
          serial_library_hellmonk_small_corner, lemuel_fruit_tree
Snake:2:  layout_layer_cave, serial_shops, shop,
          serial_library_hellmonk_hallway_b, uniq_frances, uniq_aizul
Snake:3:  layout_cave_shapes
Snake:4:  johnstein_snake_rune_scales, layout_cave_town, gammafunk_ghost_split
Orc:1:    layout_diamond_mine, basic_altar, uniq_snorg, uniq_jorgrun
Orc:2:    st_orc_town, layout_caves, uniq_azrael, uniq_donald
Elf:1:    eino_elf_arrival_shootout, layout_onion_city,
          einodemon_crawler_minivault, minmay_shop_grove
Elf:2:    elven_hall_of_blades_hangedman_original
          [nicolae_blade_entry_crossed_weapons], layout_geoelf_octagon
Elf:3:    minmay_elf_hall_four_x, layout_geoelf_octagon, serial_shops, shop

Skill      XL: |  1  2  3  4  5  6  7  8  9 10 11 12 13 14 15 16 17 18 19 |
---------------+----------------------------------------------------------+-----
Fighting       | 4 5 6 7 9 10 12 13 14 15 16 17 18 19 20 | 20.3
Axes           | 4 5 6 7 9 10 12 14 16 18 19 20 | 20.3
Armour         | 3 4 5 6 7 9 10 12 13 14 15 16 17 18 19 20 | 20.0
Dodging        | 3 4 5 6 8 9 11 12 | 12.7
Evocations     | 3 5 7 8 9 10 | 10.9
Shields        | 2 7 10 14 17 20 | 20.0

Action                     |  1- 3 |  4- 6 |  7- 9 | 10-12 | 13-15 | 16-18 | 19-21 || total
---------------------------+-------+-------+-------+-------+-------+-------+-------++-------
  Melee: Hand axe          |    92 |       |       |       |       |       |       ||    92
         Headbutt          |    13 |     9 |    30 |    47 |   135 |   242 |    55 ||   531
         Battleaxe         |     3 |    79 |   169 |       |       |       |       ||   251
         War axe           |       |       |    54 |   292 |   626 |  1090 |   245 ||  2307
         Punch             |       |       |       |     6 |     4 |       |       ||    10
         Scimitar          |       |       |       |       |    14 |    13 |       ||    27
         Broad axe         |       |       |       |       |       |       |    34 ||    34
  Throw: Stone             |       |       |     7 |     3 |     1 |    15 |       ||    26
         Javelin           |       |       |       |       |       |     6 |       ||     6
 Invoke: Berserk           |       |     1 |     1 |     6 |     8 |     3 |     1 ||    20
         Trog's Hand       |       |     1 |     5 |    17 |    27 |    29 |     7 ||    86
         Brothers in Arms  |       |       |       |     1 |       |     7 |     3 ||    11
  Evoke: Wand              |       |       |    10 |       |     5 |     3 |       ||    18
         Tin of tremorston |       |       |       |     2 |     3 |     3 |     2 ||    10
         Phial of floods   |       |       |       |       |     3 |     3 |     1 ||     7
         Box of beasts     |       |       |       |       |     2 |       |     1 ||     3
         Lightning rod     |       |       |       |       |       |     5 |     7 ||    12
         Phantom mirror    |       |       |       |       |       |     1 |       ||     1
    Use: Scroll            |     6 |     1 |    10 |    17 |     5 |    15 |     7 ||    61
         Potion            |     3 |       |     3 |    12 |     3 |    15 |     4 ||    40
   Stab: Distracted        |       |       |       |       |       |     1 |       ||     1
 Armour: Ring mail         |    50 |    19 |       |       |       |       |       ||    69
         Animal skin       |     1 |       |       |       |       |       |       ||     1
         Chain mail        |       |    77 |   250 |       |   717 |   802 |       ||  1846
         Plate armour      |       |       |    48 |   535 |    51 |   240 |   266 ||  1140
  Dodge: Dodged            |    65 |    50 |   181 |   267 |   454 |   511 |    72 ||  1600
  Block: Other             |       |       |       |    45 |    88 |       |       ||   133
         Reflection        |       |       |       |     1 |    33 |   217 |    92 ||   343
         Buckler           |       |       |       |       |    74 |       |       ||    74
         Kite shield       |       |       |       |       |   183 |  1544 |   368 ||  2095
